PCL
LAS VEGAS STARS @ SANTA MONICA BRUINS
05/31/2024
 
TOP OF THE 1ST
Las Vegas Stars batting - Pitching for Santa Monica Bruins : LHP Josh Baker
Pitching: LHP Josh Baker
Batting: RHB Kelly Jones 0-0: Ball
1-0: Swinging Strike
1-1: Ball
2-1: Ball
3-1: Called Strike
3-2: Strikes out swinging
Batting: LHB Eliot Helen 0-0: Ground out 4-3 (Groundball, 4)
Batting: LHB Fernando De La Cruz 0-0: SINGLE (Groundball, 34D)
Batting: RHB Ryan Campbell 0-0: Fielders Choice at 2nd, 5-4 (Groundball, 56)
Top of the 1st over - 0 run(s), 1 hit(s), 0 error(s), 0 left on base; Las Vegas 0 - Santa Monica 0
BOTTOM OF THE 1ST
Santa Monica Bruins batting - Pitching for Las Vegas Stars : RHP Brett Dwyer
Pitching: RHP Brett Dwyer
Batting: RHB Alonso Sánchez 0-0: Ball
1-0: Swinging Strike
1-1: Called Strike
1-2: Ball
2-2: Strikes out swinging
Batting: LHB Greg Schultz 0-0: Swinging Strike
0-1: Called Strike
0-2: Ball
1-2: Ball
2-2: Ball
3-2: Ground out U3 (Groundball, 3S)
Batting: LHB António Glaviz 0-0: Swinging Strike
0-1: Ball
1-1: Foul Ball, location: 2F
1-2: SINGLE (Flyball, 89S)
Batting: LHB Germán Charfauros 0-0: Ball
1-0: Ball
2-0: Ball
3-0: Foul Ball, location: 2F
3-1: Base on Balls
António Glaviz to second
Batting: LHB Bob Cunningham 0-0: Foul Ball, location: 2F
0-1: Swinging Strike
0-2: SINGLE (Groundball, 13) (infield hit)
António Glaviz to third
Germán Charfauros to second
Batting: LHB Raúl Guerra 0-0: Ball
1-0: Ground out 4-3 (Groundball, 34)
Bottom of the 1st over - 0 run(s), 2 hit(s), 0 error(s), 3 left on base; Las Vegas 0 - Santa Monica 0
TOP OF THE 2ND
Las Vegas Stars batting - Pitching for Santa Monica Bruins : LHP Josh Baker
Batting: SHB Sloan James 0-0: Foul Ball, location: 2F
0-1: Called Strike
0-2: Strikes out looking
Batting: RHB Matthieu Vancini 0-0: Ball
1-0: Ball
2-0: Called Strike
2-1: Swinging Strike
2-2: Ball
3-2: Fly out, F9 (Flyball, 89M)
Batting: RHB Xin Zhang 0-0: Ball
1-0: Foul Ball, location: 2F
1-1: Called Strike
1-2: Ball
2-2: Strikes out looking
Top of the 2nd over - 0 run(s), 0 hit(s), 0 error(s), 0 left on base; Las Vegas 0 - Santa Monica 0
BOTTOM OF THE 2ND
Santa Monica Bruins batting - Pitching for Las Vegas Stars : RHP Brett Dwyer
Batting: RHB Juan Acuña 0-0: Ball
1-0: Ball
2-0: Ground out 5-3 (Groundball, 5)
Batting: RHB Armando Méndez 0-0: Swinging Strike
0-1: Fly out, F7 (Flyball, 7M)
Batting: RHB Carlos Carrillo 0-0: Swinging Strike
0-1: Ball
1-1: Ball
2-1: Called Strike
2-2: Strikes out swinging
Bottom of the 2nd over - 0 run(s), 0 hit(s), 0 error(s), 0 left on base; Las Vegas 0 - Santa Monica 0
TOP OF THE 3RD
Las Vegas Stars batting - Pitching for Santa Monica Bruins : LHP Josh Baker
Batting: LHB Evan Slootweg 0-0: Called Strike
0-1: DOUBLE (Flyball, 8LXD)
Batting: RHB Ron Shelton 0-0: Called Strike
0-1: Ball
1-1: Called Strike
1-2: DOUBLE (Line Drive, 8LM)
Evan Slootweg scores
Batting: RHB Kelly Jones 0-0: Ball
1-0: Ball
2-0: Fly out, F9 (Flyball, 89M)
Batting: LHB Eliot Helen 0-0: Ball
1-0: Ground out 5-3 (Groundball, 56)
Batting: LHB Fernando De La Cruz 0-0: Called Strike
0-1: Ball
1-1: Called Strike
1-2: Strikes out swinging
Top of the 3rd over - 1 run(s), 2 hit(s), 0 error(s), 1 left on base; Las Vegas 1 - Santa Monica 0
BOTTOM OF THE 3RD
Santa Monica Bruins batting - Pitching for Las Vegas Stars : RHP Brett Dwyer
Batting: RHB Alonso Sánchez 0-0: Foul Ball, location: 2F
0-1: SINGLE (Line Drive, 9S)
Batting: LHB Greg Schultz 0-0: Ball
1-0: Ball
2-0: Called Strike
2-1: Swinging Strike
2-2: Ball
3-2: Foul Ball, location: 2F
3-2: Ground out 1-3 (Groundball, 13)
Alonso Sánchez to second
Batting: LHB António Glaviz 0-0: Called Strike
0-1: Swinging Strike
0-2: Foul Ball, location: 2F
0-2: Strikes out swinging
Batting: LHB Germán Charfauros 0-0: Ball
1-0: Ball
2-0: Called Strike
2-1: Fly out, F9 (Line Drive, 89D)
Bottom of the 3rd over - 0 run(s), 1 hit(s), 0 error(s), 1 left on base; Las Vegas 1 - Santa Monica 0
TOP OF THE 4TH
Las Vegas Stars batting - Pitching for Santa Monica Bruins : LHP Josh Baker
Batting: RHB Ryan Campbell 0-0: Foul Ball, location: 2F
0-1: Ball
1-1: Fly out, F8 (Flyball, 8LM)
Batting: SHB Sloan James 0-0: Called Strike
0-1: Called Strike
0-2: Ball
1-2: Ball
2-2: Foul Ball, location: 2F
2-2: Foul Ball, location: 2F
2-2: Strikes out swinging
Batting: RHB Matthieu Vancini 0-0: Foul Ball, location: 2F
0-1: Ball
1-1: Ball
2-1: Ball
3-1: Foul Ball, location: 2F
3-2: Base on Balls
Batting: RHB Xin Zhang 0-0: Called Strike
0-1: Ball
1-1: Fielders Choice at 2nd, U4 (Groundball, 4M)
Top of the 4th over - 0 run(s), 0 hit(s), 0 error(s), 1 left on base; Las Vegas 1 - Santa Monica 0
BOTTOM OF THE 4TH
Santa Monica Bruins batting - Pitching for Las Vegas Stars : RHP Brett Dwyer
Batting: LHB Bob Cunningham 0-0: Called Strike
0-1: Ball
1-1: Called Strike
1-2: Foul Ball, location: 2F
1-2: SOLO HOME RUN (Flyball, 9D), Distance : 359 ft
Batting: LHB Raúl Guerra 0-0: Ball
1-0: Foul Ball, location: 2F
1-1: Ground out U3 (Groundball, 3)
Pitching: RHP Young-lau Si-ma
Batting: RHB Juan Acuña 0-0: Ball
1-0: Ball
2-0: Called Strike
2-1: Foul Ball, location: 2F
2-2: Ball
3-2: Strikes out looking
Batting: RHB Armando Méndez 0-0: Fly out, F7 (Line Drive, 7S)
Bottom of the 4th over - 1 run(s), 1 hit(s), 0 error(s), 0 left on base; Las Vegas 1 - Santa Monica 1
TOP OF THE 5TH
Las Vegas Stars batting - Pitching for Santa Monica Bruins : LHP Josh Baker
Batting: LHB Evan Slootweg 0-0: Called Strike
0-1: Ball
1-1: Foul Ball, location: 2F
1-2: Ball
2-2: Strikes out swinging
Batting: RHB Ron Shelton 0-0: Swinging Strike
0-1: Foul Ball, location: 2F
0-2: Strikes out swinging
Batting: RHB Kelly Jones 0-0: Called Strike
0-1: Swinging Strike
0-2: Ball
1-2: Ball
2-2: SINGLE (Line Drive, 5D)
Batting: LHB Eliot Helen 0-0: Called Strike
0-1: Ground out 4-3 (Groundball, 4)
Top of the 5th over - 0 run(s), 1 hit(s), 0 error(s), 1 left on base; Las Vegas 1 - Santa Monica 1
BOTTOM OF THE 5TH
Santa Monica Bruins batting - Pitching for Las Vegas Stars : RHP Young-lau Si-ma
Batting: RHB Carlos Carrillo 0-0: Ball
1-0: Ball
2-0: Ball
3-0: Base on Balls
Batting: RHB Alonso Sánchez 0-0: Swinging Strike
0-1: Fly out, F9 (Flyball, 89D)
Batting: LHB Greg Schultz 0-0: Swinging Strike
0-1: Ball
1-1: Swinging Strike
1-2: Foul Ball, location: 2F
1-2: Foul Ball, location: 2F
1-2: Strikes out swinging
Carlos Carrillo steals 2nd base
Batter strikes out.
Batting: LHB António Glaviz 0-0: Ground out U3 (Groundball, 3L)
Bottom of the 5th over - 0 run(s), 0 hit(s), 0 error(s), 1 left on base; Las Vegas 1 - Santa Monica 1
TOP OF THE 6TH
Las Vegas Stars batting - Pitching for Santa Monica Bruins : LHP Josh Baker
Batting: LHB Fernando De La Cruz 0-0: Called Strike
0-1: Ball
1-1: Ball
2-1: Ball
3-1: Foul Ball, location: 2F
3-2: Base on Balls
Batting: RHB Ryan Campbell 0-0: Ball
1-0: Ball
2-0: Ball
3-0: Called Strike
3-1: Fly out, F7 (Flyball, 7S)
Batting: SHB Sloan James 0-0: Ball
1-0: Ball
2-0: Ball
3-0: Called Strike
3-1: Grounds into double play, 4-6-3 (Groundball, 4)
Top of the 6th over - 0 run(s), 0 hit(s), 0 error(s), 0 left on base; Las Vegas 1 - Santa Monica 1
BOTTOM OF THE 6TH
Santa Monica Bruins batting - Pitching for Las Vegas Stars : RHP Young-lau Si-ma
Batting: LHB Germán Charfauros 0-0: Foul Ball, location: 2F
0-1: Called Strike
0-2: Ball
1-2: Fly out, F9 (Flyball, 9M)
Batting: LHB Bob Cunningham 0-0: Foul Ball, location: 2F
0-1: Foul Ball, location: 2F
0-2: Fly out, F8 (Flyball, 8LXD)
Batting: LHB Raúl Guerra 0-0: Fly out, F9 (Flyball, 89D)
Bottom of the 6th over - 0 run(s), 0 hit(s), 0 error(s), 0 left on base; Las Vegas 1 - Santa Monica 1
TOP OF THE 7TH
Las Vegas Stars batting - Pitching for Santa Monica Bruins : LHP Josh Baker
Batting: RHB Matthieu Vancini 0-0: Foul Ball, location: 2F
0-1: Called Strike
0-2: Ball
1-2: Fly out, F8 (Flyball, 8LM)
Batting: RHB Xin Zhang 0-0: Foul Ball, location: 2F
0-1: Ball
1-1: Ball
2-1: Fly out, F4 (Popup, 34D)
Pinch Hitting: RHB Bud Major 0-0: Ball
1-0: Ball
2-0: Called Strike
2-1: Called Strike
2-2: Ball
3-2: Strikes out swinging
Top of the 7th over - 0 run(s), 0 hit(s), 0 error(s), 0 left on base; Las Vegas 1 - Santa Monica 1
BOTTOM OF THE 7TH
Santa Monica Bruins batting - Pitching for Las Vegas Stars : RHP Young-lau Si-ma
Pitching: LHP Ze-min Tong
Now in RF: Bud Major
Pinch Hitting: RHB Motoshige Yagi 0-0: Ball
1-0: Called Strike
1-1: Called Strike
1-2: Foul Ball, location: 2F
1-2: Strikes out looking
Batting: RHB Armando Méndez 0-0: Foul Ball, location: 2F
0-1: Ball
1-1: Ball
2-1: Foul Ball, location: 2F
2-2: Strikes out swinging
Batting: RHB Carlos Carrillo 0-0: Called Strike
0-1: Ball
1-1: Ball
2-1: Foul Ball, location: 2F
2-2: Ground out 4-3 (Groundball, 4MS)
Bottom of the 7th over - 0 run(s), 0 hit(s), 0 error(s), 0 left on base; Las Vegas 1 - Santa Monica 1
TOP OF THE 8TH
Las Vegas Stars batting - Pitching for Santa Monica Bruins : LHP Josh Baker
Pitching: RHP Manuel López
Now at 2B: Mark Hosley
Batting: RHB Ron Shelton 0-0: Ball
1-0: Swinging Strike
1-1: Fly out, F7 (Line Drive, 78M)
Pinch Hitting: LHB Paco Rivera 0-0: SINGLE (Groundball, 5D)
Batting: LHB Eliot Helen 0-0: Swinging Strike
0-1: Ball
1-1: Foul Ball, location: 2F
1-2: Ball
2-2: Fly out, F4 (Popup, 4D)
Batting: LHB Fernando De La Cruz 0-0: Ball
1-0: Ball
2-0: Foul Ball, location: 2F
2-1: Ball
3-1: Base on Balls
Paco Rivera to second
Batting: RHB Ryan Campbell 0-0: Called Strike
0-1: Ball
1-1: Swinging Strike
1-2: Foul Ball, location: 2F
1-2: Foul Ball, location: 2F
1-2: Strikes out swinging
Top of the 8th over - 0 run(s), 1 hit(s), 0 error(s), 2 left on base; Las Vegas 1 - Santa Monica 1
BOTTOM OF THE 8TH
Santa Monica Bruins batting - Pitching for Las Vegas Stars : LHP Ze-min Tong
Now at 1B: Paco Rivera
Pinch Hitting: RHB Salvador Salas 0-0: Ball
1-0: Ball
2-0: Called Strike
2-1: Foul Ball, location: 2F
2-2: Ball
3-2: Ground out 6-3 (Groundball, 6MS)
Batting: LHB Greg Schultz 0-0: Called Strike
0-1: Ball
1-1: Called Strike
1-2: DOUBLE (Line Drive, 78M)
Batting: LHB António Glaviz 0-0: Foul Ball, location: 2F
0-1: DOUBLE (Flyball, 7LS)
Greg Schultz scores
Batting: LHB Germán Charfauros 0-0: Intentional Walk
Pinch Hitting: RHB Pablo Peña 0-0: Ball
1-0: Ball
2-0: Ball
3-0: Called Strike
3-1: Base on Balls
António Glaviz to third
Germán Charfauros to second
Pitching: RHP Wayne Barksdale
Pinch Hitting: LHB Ken Poche 0-0: SINGLE (Groundball, 56D)
António Glaviz scores
Germán Charfauros to third
Pablo Peña to second
Batting: RHB Mark Hosley 0-0: Ball
Wild Pitch!
Germán Charfauros scores
Pablo Peña to third
Ken Poche to second
1-0: Ball
2-0: Ball
3-0: Base on Balls
Batting: RHB Armando Méndez 0-0: Ball
1-0: Ball
2-0: Called Strike
2-1: SINGLE (Line Drive, 6D)
Pablo Peña scores
Ken Poche to third
Mark Hosley to second
Batting: RHB Carlos Carrillo 0-0: Ball
1-0: Swinging Strike
1-1: Swinging Strike
1-2: Strikes out swinging
Batting: RHB Salvador Salas 0-0: SINGLE (Line Drive, 56)
Ken Poche scores
Mark Hosley to third
Armando Méndez to second
Runner from 3rd tries for Home, SAFE, throw made home
Batting: LHB Greg Schultz 0-0: 3-RUN HOME RUN (Line Drive, 8LXD), Distance : 417 ft
Batting: LHB António Glaviz 0-0: SINGLE (Groundball, 34S)
Pitching: RHP Juan Herrera
Batting: LHB Germán Charfauros 0-0: Called Strike
0-1: Swinging Strike
0-2: Ball
1-2: Ball
2-2: Strikes out swinging
Bottom of the 8th over - 9 run(s), 7 hit(s), 0 error(s), 1 left on base; Las Vegas 1 - Santa Monica 10
TOP OF THE 9TH
Las Vegas Stars batting - Pitching for Santa Monica Bruins : RHP Manuel López
Now at 3B: Salvador Salas
Now in LF: Ken Poche
Now in CF: Rob Bailey
Batting: SHB Sloan James 0-0: Ball
1-0: Ball
2-0: Called Strike
2-1: Swinging Strike
2-2: DOUBLE (Line Drive, 78D)
Pitching: LHP Xavier Velázquez
Batting: RHB Matthieu Vancini 0-0: Ball
1-0: Foul Ball, location: 2F
1-1: Swinging Strike
1-2: DOUBLE (Line Drive, 9LS)
Sloan James scores
Batting: RHB Xin Zhang 0-0: Ball
1-0: Ground out 6-3 (Groundball, 6M)
Matthieu Vancini to third
Batting: RHB Bud Major 0-0: Fly out, F9 (Line Drive, 9M)
Runner from 3rd tags up, SCORES, throw made
Batting: RHB Ron Shelton 0-0: Swinging Strike
0-1: Swinging Strike
0-2: Ball
1-2: Strikes out swinging
Top of the 9th over - 2 run(s), 2 hit(s), 0 error(s), 0 left on base; Las Vegas 3 - Santa Monica 10
This league is powered by Out of the Park Baseball, the baseball management simulation game for PC, Mac and Linux
Saturday, April 9th, 2016 - OOTP Baseball 16.8 Build 38